Map: Zen ER

Players

kers - Winner!

  • Race: Protoss Protoss
  • League: Platinum
  • Spawn Location: 7:00

ban

  • Race: Terran Terran
  • League: Gold
  • Spawn Location: 1:00

VOD

Have the link to the VOD?

Description

Time

  • Played on: March 2, 2020, 2:22 p.m.
  • Length: 7:58
Show
View Real Time Build Order
Export as new Build Order

kers Protoss - Winner!

Build Orders: 1 Gate Expand 

Get SALT Encoding   

  12  0:00  Probe  
  13  0:13  Probe  
  14  0:18  Pylon  
  14  0:25  Probe  
  15  0:37  Probe (Chrono Boost)  
  15  0:38  Gateway  
  16  0:48  Probe (Chrono Boost)  
  16  0:49  Assimilator  
  17  0:54  Probe (Chrono Boost)  
  18  1:05  Probe  
  19  1:17  Probe  
  20  1:29  Nexus  
  20  1:33  Probe  
  21  1:43  Pylon  
  21  1:46  Probe  
  21  1:55  Cybernetics Core  
  21  1:58  Probe  
  22  2:07  Zealot (Chrono Boost)  
  24  2:10  Probe  
  25  2:22  Probe  
  26  2:28  Warp Gate (Chrono Boost)  
  26  2:30  Forge  
  26  2:34  Probe  
  27  2:43  Probe  
  28  2:47  Probe  
  29  2:54  Assimilator  
  29  2:56  Probe, Adept (Chrono Boost)  
  32  2:59  Probe  
  33  3:08  Probe  
  33  3:10  Shield Battery  
  33  3:11  Probe  
  33  3:13  Photon Cannon  
  32  3:20  Probe  
  32  3:23  Probe  
  32  3:24  Adept (Chrono Boost)  
  34  3:32  Probe  
  29  3:35  Probe  
  30  3:46  Probe  
  30  3:47  Probe  
  30  3:48  Adept  
  34  3:55  Protoss Ground Weapons Level 1  
  34  3:58  Probe  
  34  3:59  Probe  
  36  4:06  Gateway  
  36  4:08  Gateway  
  31  4:29  Probe x2  
  33  4:40  Pylon  
  33  4:41  Probe x2  
  33  4:44  Stalker  
  37  4:53  Probe x2, Robotics Facility  
  34  5:07  Stalker  
  34  5:08  Stalker  
  37  5:17  Probe, Pylon  
  37  5:20  Pylon  
  34  5:25  Pylon  
  34  5:27  Shield Battery  
  29  5:35  Sentry  
  31  5:44  Sentry  
  33  5:55  Stalker  
  35  6:12  Stalker  
  35  6:17  Immortal (Chrono Boost)  
  41  6:30  Stalker x3  
  39  6:51  Immortal (Chrono Boost)  
  43  7:01  Probe x2  
  45  7:10  Pylon  
  45  7:13  Probe x2, Pylon  
  43  7:23  Sentry  
  43  7:28  Sentry  
  43  7:29  Stalker  
  49  7:37  Shield Battery  
  49  7:40  Probe x2  
  49  7:41  Photon Cannon  
  49  7:42  Photon Cannon  
Show
View Real Time Build Order
Export as new Build Order

ban Terran 

Build Orders:  

Get SALT Encoding   

  12  0:03  SCV  
  13  0:18  SCV, Supply Depot  
  14  0:30  SCV  
  15  0:42  SCV, Barracks  
  16  0:54  SCV  
  17  1:07  SCV  
  18  1:15  Barracks  
  18  1:19  Barracks  
  18  1:25  SCV  
  19  1:29  Marine  
  19  1:32  Supply Depot  
  20  1:38  SCV  
  21  1:49  Marine  
  21  1:50  SCV  
  23  2:00  Supply Depot  
  23  2:04  Barracks  
  23  2:06  Marine  
  24  2:08  Marine  
  24  2:12  Marine  
  26  2:23  Supply Depot  
  26  2:24  Marine  
  26  2:26  Marine  
  26  2:27  SCV  
  29  2:30  Marine  
  30  2:42  Marine  
  31  2:44  Marine  
  31  2:48  Marine  
  31  2:50  Barracks  
  33  2:53  Marine  
  34  3:00  Marine  
  34  3:02  Marine  
  36  3:06  Marine  
  36  3:10  Marine, Supply Depot  
  33  3:36  Marine x2  
  33  3:37  Marine x2  
  34  3:54  Marine x4  
  36  4:12  Marine x4  
  36  4:30  Marine x4  
  38  4:43  Marine  
  39  4:48  Marine x4  
  42  5:00  Marine  
  42  5:05  Marine x2  
  42  5:06  Marine x2  
  39  5:18  Marine  
  38  5:23  Marine x3  
  38  5:24  Marine  
  41  5:29  Barracks  
  41  5:36  Marine  
  41  5:41  Marine x4  
  45  5:54  Marine  
  45  5:59  Marine x4  
  46  6:12  Marine  
  46  6:17  Marine x4  
  51  6:21  Supply Depot  
  51  6:22  Supply Depot  
  51  6:24  Supply Depot  
  51  6:25  Supply Depot  
  51  6:30  Marine  
  52  6:34  Marine  
  52  6:35  Marine x2  
  52  6:36  Marine  
  42  6:47  Marine  
  42  6:52  Marine x3  
  42  6:54  Marine  
  45  7:05  Marine  
  45  7:07  Marine  
  47  7:10  Marine x3  
  47  7:11  Marine  
  41  7:23  Marine  
  41  7:24  Marine  
  41  7:28  Marine x3  
  41  7:29  Marine  
Tags
 
Matchup
PvT
Spawn Locations
Cross Positions
Add a new tag
Caveats
  • Supply blocks, unpowered buildings, or Contaminate may cause inaccurate times.
  • Supply counts are checked every 10 seconds.